 Dungeon Crawl Stone Soup version 0.28-a0-1143-gcf6077d4cc (webtiles) character file.

Game seed: 15284558254826327514

7587 siradein the Shield-Bearer (level 11, -2/58 HPs)
             Began as a Vine Stalker Fighter on Dec 14, 2021.
             Was an Initiate of Yredelemnul.
             Slain by Snorg (12 damage)
             ... on level 10 of the Dungeon.
             The game lasted 00:47:47 (9816 turns).

siradein the Shield-Bearer (Vine Stalker Fighter)   Turns: 9816, Time: 00:47:47

Health: -2/58      AC: 15    Str: 27    XL:     11   Next: 17%
Magic:  0/15       EV:  7    Int:  8    God:    Yredelemnul [......]
Gold:   573        SH: 10    Dex: 16    Spells: 10/10 levels left

rFire   + . .      SeeInvis .   K - +0 scimitar
rCold   . . .      Faith    +   C - +0 kite shield
rNeg    . . .      Spirit   +   I - +1 chain mail {rF+}
rPois   +          Reflect  .   x - +0 helmet
rElec   .          Harm     .   (no cloak)
rCorr   .          Rampage  .   g - +0 pair of gloves
Will    +....                   e - +0 pair of boots
Stlth   ..........              m - amulet of faith
HPRegen 0.99/turn               i - ring of poison resistance
MPRegen 0.14/turn               j - +6 ring of strength

@: no status effects
A: fangs 3, regeneration 1, magic shield, antimagic bite, no potion heal 2
a: Renounce Religion, Recall Undead Harvest


You were on level 10 of the Dungeon.
You worshipped Yredelemnul.
Yredelemnul was noncommittal.
You visited 2 branches of the dungeon, and saw 11 of its levels.

You collected 573 gold pieces.

Inventory:

Hand Weapons
 K - a +0 scimitar (weapon)
Missiles
 n - 2 atropa-tipped darts
 v - 6 curare-tipped darts
 y - 4 poisoned darts (quivered)
Armour
 e - a +0 pair of boots (worn)
 g - a +0 pair of gloves (worn)
 x - a +0 helmet (worn)
 C - a +0 kite shield (worn)
 I - a +1 chain mail of fire resistance (worn)
Jewellery
 i - a ring of poison resistance (left hand)
 j - a +6 ring of strength (right hand)
 m - an amulet of faith (around neck)
 G - an amulet of reflection
Wands
 u - a wand of flame (5)
 F - a wand of mindburst (15)
Scrolls
 b - 2 scrolls of fear
 c - a scroll of summoning {unknown}
 f - 3 scrolls of enchant weapon
 k - 4 scrolls of identify
 o - a scroll of magic mapping {unknown}
 s - 2 scrolls of vulnerability
 t - a scroll of holy word {unknown}
 z - 2 scrolls of teleportation {unknown}
 A - a scroll of immolation
 E - 4 scrolls of blinking
 H - a scroll of amnesia {unknown}
 J - 2 scrolls of fog {unknown}
Potions
 d - 2 potions of might
 h - a potion of magic {unknown}
 l - 3 potions of heal wounds {unknown}
 p - 4 potions of haste {unknown}
 q - 2 potions of curing {unknown}
 r - a potion of lignification {unknown}
 w - 2 potions of attraction {unknown}
 B - a potion of degeneration {unknown}
 D - a potion of mutation {unknown}


   Skills:
 + Level 6.8 Fighting
 + Level 6.5 Long Blades
 + Level 5.4 Throwing
 + Level 6.2 Armour
 + Level 6.8 Shields
 + Level 5.1 Invocations
 + Level 5.3 Evocations


You had 10 spell levels left.
You didn't know any spells.
Your spell library contained the following spells:

 Spells                   Type           Power      Damage    Failure   Level
 Apportation              Tloc           0%         N/A       100%        1
 Gell's Gravitas          Tloc           0%         N/A       100%        3
 Inner Flame              Hex/Fire       0%         N/A       100%        3
 Lesser Beckoning         Tloc           0%         N/A       100%        3
 Teleport Other           Tloc           0%         N/A       100%        3
 Cause Fear               Hex            0%         N/A       100%        4
 Alistair's Intoxication  Tmut/Pois      0%         N/A       100%        5
 Discord                  Hex            0%         N/A       100%        8


Dungeon Overview and Level Annotations

Branches:
Dungeon (10/15)            Temple (1/1) D:5
   Lair: D:8-11         Orc: D:9-12

Altars:
Ashenzari
Cheibriados
Dithmenos
Fedhas
Gozag
Hepliaklqana
Kikubaaqudgha
Nemelex Xobeh
Okawaru
Qazlal
Ru
Sif Muna
Trog
Uskayaw
Vehumet
Wu Jian
Yredelemnul
Zin
The Shining One

Shops:
D:1 !   D:6 (

Annotations:
D:10 Snorg


Innate Abilities, Weirdness & Mutations

You have razor-sharp teeth.
Your natural rate of healing is unusually fast.
When hurt, damage is shared between your health and your magic reserves.
Your bite disrupts and absorbs the magic of your enemies.
Potions cannot restore your health.


Message History

As you read the scroll of identify, it crumbles to dust.
f - 3 scrolls of enchant weapon
As you read the scroll of identify, it crumbles to dust.
s - 2 scrolls of vulnerability
As you read the scroll of identify, it crumbles to dust.
A - 2 scrolls of immolation You block Snorg's attack.
Snorg barely misses you. Snorg claws you.
Really read the scroll of immolation?
As you read the scroll of immolation, it crumbles to dust.
The creatures around you are filled with an inner flame!
Snorg bites you but does no damage. Snorg claws you.
Snorg claws you but does no damage.
You closely miss Snorg.
Snorg goes berserk!
You closely miss Snorg. Snorg bites you but does no damage. Snorg claws you. x2
Snorg bites you. Snorg claws you! Snorg claws you but does no damage.
Unknown command.
You slash Snorg!
Flame seeps out of Snorg. x2; You bite Snorg!
You drain her power.
You feel invigorated.
Snorg is lightly wounded.
Snorg is engulfed in blazing flames.
Flame seeps out of Snorg.
Snorg bites you but does no damage. Snorg claws you but does no damage.
Snorg claws you!!
Snorg is engulfed in blazing flames.
Flame seeps out of Snorg.
Snorg bites you but does no damage. Snorg claws you but does no damage.
Snorg claws you!
* * * LOW HITPOINT WARNING * * *
You barely miss Snorg.
Flame seeps out of Snorg.
You bite Snorg. You drain her power.
You feel invigorated.
Snorg is moderately wounded.
Snorg is engulfed in blazing flames.
Flame seeps out of Snorg.
You block Snorg's attack. Snorg barely misses you. Snorg claws you!
* * * LOW HITPOINT WARNING * * *
Snorg is engulfed in blazing flames.
Flame seeps out of Snorg.
You block Snorg's attack. Snorg claws you but does no damage. Snorg claws you!
* * * LOW HITPOINT WARNING * * *
As you read the scroll of fear, it crumbles to dust.
You assume a fearsome visage.
The wolf looks frightened!
Snorg is unaffected.
Snorg is engulfed in blazing flames.
Flame seeps out of Snorg.
Snorg bites you!!
You die...
Your body rises from the dead as a mindless zombie.

#.......l)#
#(...T.cl.#
##.....h.##
#########....##
#...#...##.###
##h##.##.#
##.##.##).#
##T##.##.###
#@.###..## ####
####


You could see Snorg (berserk, inner flame) and a wolf (inner flame, fleeing).

Vanquished Creatures
  3 two-headed ogres
  Sigmund (D:2)
  A shadow (D:8)
  A wyvern (D:8)
  6 yaks
  An ice beast (D:6)
  2 orc warriors
  A hornet zombie (D:7)
  2 ogres
  A necrophage (D:8)
  3 sky beasts
  3 centaurs
  5 kobold brigands
  5 bullfrogs
  A scorpion (D:5)
  6 killer bees (D:9)
  8 wights
  4 howler monkeys
  A centaur zombie (D:9)
  2 gnoll shamans
  A hound (D:4)
  4 orc priests
  A bullfrog skeleton (D:3)
  Jessica (D:3)
  Ijyb (D:3)
  7 orc wizards
  Natasha (D:3)
  A mummy (D:9)
  Robin (D:3)
  17 gnolls
  4 adders
  A shadow imp (D:7)
  An ufetubus (D:7)
  A worm (D:4)
  2 dart slugs (D:2)
  24 orcs
  6 ball pythons
  7 bats
  10 endoplasms
  3 giant cockroaches (D:4)
  9 goblins
  13 hobgoblins
  3 jackals (D:1)
  4 quokkas
  5 frilled lizards
  57 kobolds
  6 rats
248 creatures vanquished.

Vanquished Creatures (collateral kills)
  A hornet (D:8)
  A yak (D:9)
  A steam dragon (D:9)
  An orc warrior (D:6)
  A hornet zombie (D:6)
  An ice beast (D:6)
  An ogre (D:6)
  A wight (D:8)
  2 orc priests
  An orc wizard (D:9)
  A gnoll (D:7)
  3 orcs
15 creatures vanquished.

Vanquished Creatures (others)
  A spectral orc (D:10)
  A spectral ice beast (D:6)
  A bullfrog zombie (D:6)
  A centaur zombie (D:10)
  A killer bee zombie (D:9)
  2 kobold zombies (D:8)
  A sky beast zombie (D:7)
  A necrophage zombie (D:8)
  3 howler monkey zombies (D:7)
  5 orc zombies
  A spectral shadow imp (D:7)
  4 gnoll zombies
  A quokka (D:10)
  3 fungi (D:10)
  10 plants (D:10)
36 creatures vanquished.

Grand Total: 299 creatures vanquished

Notes
Turn   | Place    | Note
-------+----------+-------------------------------------------
     0 | D:1      | siradein the Vine Stalker Fighter began the quest for the
                  | Orb.
     0 | D:1      | Reached XP level 1. HP: 11/11 MP: 2/2
   155 | D:1      | Reached XP level 2. HP: 16/16 MP: 3/3
   529 | D:1      | Reached XP level 3. HP: 18/20 MP: 2/4
   664 | D:1      | Found Lionlier's Distillery.
  1103 | D:2      | Noticed Sigmund
  1140 | D:2      | Killed Sigmund
  1141 | D:2      | Gained mutation: Your natural rate of healing is unusually
                  | fast. [Vine Stalker growth]
  1141 | D:2      | Reached XP level 4. HP: 22/25 MP: 5/5
  1141 | D:2      | Reached XP level 5. HP: 25/28 MP: 6/6
  1225 | D:2      | Reached XP level 6. HP: 33/33 MP: 7/7
  2152 | D:3      | Noticed Jessica
  2154 | D:3      | Killed Jessica
  2330 | D:3      | Noticed Natasha
  2341 | D:3      | Killed Natasha
  2505 | D:3      | Reached skill level 1 in Throwing
  2510 | D:3      | Noticed Ijyb
  2518 | D:3      | Reached XP level 7. HP: 30/37 MP: 5/8
  2523 | D:3      | Killed Ijyb
  2713 | D:3      | Noticed Robin
  2759 | D:3      | Killed Robin
  2905 | D:3      | Reached skill level 1 in Evocations
  3312 | D:4      | Found a sparkling altar of Nemelex Xobeh.
  3879 | D:4      | Gained mutation: You have razor-sharp teeth. [Vine Stalker
                  | growth]
  3879 | D:4      | Reached XP level 8. HP: 26/42 MP: 4/9
  3951 | D:5      | Entered Level 5 of the Dungeon
  4267 | D:5      | Found a staircase to the Ecumenical Temple.
  4274 | Temple   | Entered the Ecumenical Temple
  4341 | Temple   | Became a worshipper of Yredelemnul the Dark
  4855 | D:5      | Reached * piety under Yredelemnul
  5126 | D:6      | Reached skill level 5 in Fighting
  5126 | D:6      | Reached skill level 5 in Shields
  5126 | D:6      | Reached skill level 1 in Invocations
  5153 | D:6      | Found a broken altar of Ashenzari.
  5258 | D:6      | Noticed a two-headed ogre
  5328 | D:6      | Killed a two-headed ogre
  5329 | D:6      | Reached skill level 5 in Long Blades
  5329 | D:6      | Reached XP level 9. HP: 25/47 MP: 4/11
  5540 | D:6      | Found Dewkopt's Weapon Boutique.
  5545 | D:6      | Reached skill level 5 in Armour
  5663 | D:6      | Reached ** piety under Yredelemnul
  5814 | D:6      | Found a hide-covered altar of Uskayaw.
  6724 | D:7      | Reached XP level 10. HP: 50/53 MP: 10/13
  7134 | D:7      | Found a radiant altar of Vehumet.
  7524 | D:8      | Found an ornate altar of the Wu Jian Council.
  7802 | D:8      | Paralysed by a hornet for 2 turns
  7909 | D:8      | Found an ancient bone altar of Kikubaaqudgha.
  7989 | D:8      | Noticed a two-headed ogre
  8037 | D:8      | Killed a two-headed ogre
  8859 | D:9      | Reached skill level 5 in Throwing
  8885 | D:9      | Noticed a two-headed ogre
  8923 | D:8      | Killed a two-headed ogre
  8963 | D:9      | Reached skill level 5 in Evocations
  8965 | D:9      | Reached XP level 11. HP: 56/58 MP: 15/15
  8980 | D:9      | Reached *** piety under Yredelemnul
  8984 | D:9      | Reached skill level 5 in Invocations
  9135 | D:9      | Reached **** piety under Yredelemnul
  9310 | D:9      | Reached ***** piety under Yredelemnul
  9700 | D:9      | Found a snail-covered altar of Cheibriados.
  9783 | D:10     | Entered Level 10 of the Dungeon
  9784 | D:10     | Noticed Snorg
  9816 | D:10     | Slain by Snorg

Illustrated notes

Levels and vault maps discovered:
D:1:      shiori_arrival_elements, layout_basic, serial_shops,
          nicolae_lakefront_shop, chequers_jeans
D:2:      layout_basic, serial_glass, glass_columns_a, glass_columns_b,
          glass_columns_a, glass_columns_c, glass_columns_b, glass_columns_a,
          uniq_sigmund
D:3:      minmay_goblin_kobold_castle, layout_loops_ring, uniq_jessica,
          uniq_natasha, uniq_ijyb, uniq_robin
D:4:      layout_basic, kennysheep_mini, minmay_close_crescents
D:5:      layout_loops_corners, minmay_temple_entry_overgrown
D:6:      minmay_cornered_nines, layout_loops_corners,
          nicolae_ashenzari_panopticon, nicolae_uskayaw_suspiria, serial_shops,
          kennysheep_little_box
D:7:      layout_gridville, mainiacjoe_overflow_alcove_2
D:8:      layout_layer_cave, mainiacjoe_overflow_small_starburst,
          nzn_wu_jian_contemplation, grunt_ministairs_9
D:9:      layout_roguey, slow_altar_2, kennysheep_generic_room_9
D:10:     layout_rooms, xom_teletrap_fun, marbit_many_paths, elyvilon_altar_4,
          minmay_lair_entry_grove, uniq_fannar, uniq_snorg, uniq_grum
Temple:   nicolae_temple_x_marks_the_god

Skill      XL: |  1  2  3  4  5  6  7  8  9 10 11 |
---------------+----------------------------------+-----
Long Blades    | 2 3 4 5 6 |  6.5
Fighting       | 3 4 5 6 |  6.8
Shields        | 3 4 5 6 |  6.8
Armour         | 3 4 5 6 |  6.2
Throwing       | 1 2 3 4 5 |  5.4
Evocations     | 1 3 5 |  5.3
Invocations    | 2 3 4 5 |  5.1

Action                   |  1- 3 |  4- 6 |  7- 9 | 10-12 || total
-------------------------+-------+-------+-------+-------++-------
Melee: Long sword        |    84 |   123 |   349 |    89 ||   645
       Bite              |    21 |    43 |   134 |    93 ||   291
       Scimitar          |       |       |       |   131 ||   131
Throw: Dart              |       |       |    10 |     6 ||    16
Invok: Recall Undead Har |       |       |     1 |     2 ||     3
       Bind Soul         |       |       |       |     1 ||     1
  Use: Scroll            |       |       |       |     7 ||     7
 Stab: Distracted        |       |       |     1 |     5 ||     6
Armor: Scale mail        |    40 |    65 |   122 |       ||   227
       Plate armour      |       |       |    27 |       ||    27
       Chain mail        |       |       |    22 |   108 ||   130
Dodge: Dodged            |    39 |    48 |   132 |    54 ||   273
Block: Buckler           |    21 |    25 |    53 |       ||    99
       Kite shield       |       |       |   110 |   110 ||   220
       Reflection        |       |       |     2 |       ||     2

Table legend: (Time is in decaauts)
 A = Elapsed time spent in this place.
 B = Non-inter-level travel time spent in this place.
 C = Inter-level travel time spent in this place.
 D = Time resting spent in this place.
 E = Time spent auto-exploring this place.
 F = Levels seen in this place.
 G = Mean time per level.
                   A        B        C        D        E       F      G
               +--------+--------+--------+--------+--------+-----+--------+
         Total |  10041 |   9783 |    258 |    305 |   6901 |  11 |  912.8 |
       Dungeon |   9964 |   9706 |    258 |    305 |   6855 |  10 |  996.4 |
        Temple |     77 |     77 |      0 |      0 |     46 |   1 |   77.0 |
               +--------+--------+--------+--------+--------+-----+--------+

Top non-repeatable levels by time:
     D:3: 1475 daAuts
     D:8: 1467 daAuts
     D:6: 1365 daAuts
     D:5: 1083 daAuts
     D:1: 1031 daAuts
     D:7: 973 daAuts
     D:9: 970 daAuts
     D:4: 850 daAuts
     D:2: 711 daAuts
  Temple: 77 daAuts
    D:10: 34 daAuts
